 Dungeon Crawl Stone Soup version 0.17-a0-1900-g45e8110 (webtiles) character file.

113 tp1 the Magician (level 4, -12/24 HPs)
             Began as a Deep Elf Conjurer on Sept 24, 2015.
             Killed by divine providence
             ... invoked by an orc priest
              (13 damage)
             ... on level 3 of the Dungeon.
             The game lasted 00:19:35 (2368 turns).

tp1 the Magician (Deep Elf Conjurer)                Turns: 2368, Time: 00:19:39

Health: -12/24     AC:  2    Str:  6    XL:     4   Next: 65%
Magic:  9/23       EV: 18    Int: 20    God:
Gold:   102        SH:  0    Dex: 20    Spells: 3 memorised, 10 levels left

rFire  . . .     SeeInvis .     (no weapon)
rCold  . . .     Clarity  .     j - +0 robe
rNeg   . . .     SustAt   .     (no shield)
rPois  .         Gourm    .     (no helmet)
rElec  .         Spirit   .     (no cloak)
rCorr  .         Warding  .     (no gloves)
rMut   +         Stasis   .     (no boots)
MR     .....                    o - amulet of resist mutation
Stlth  +++.......               (no ring)
                                h - ring of magical power

@: agile, not resistant to hostile enchantments, fairly stealthy
A: no striking features
a: no special abilities


You were on level 3 of the Dungeon.
You were not hungry.

You visited 1 branch of the dungeon, and saw 3 of its levels.

You collected 102 gold pieces.

Inventory:

Armour
 a - a +0 robe
 d - a +0 robe
 j - a +0 robe (worn)
Jewellery
 h - a ring of magical power (left hand)
 o - an amulet of resist mutation (around neck)
Scrolls
 e - a scroll of identify {unknown}
 f - a scroll of remove curse {unknown}
 l - a scroll of fog {unknown}
 m - a scroll of amnesia {unknown}
Potions
 g - a potion of flight {unknown}
 i - a potion of resistance {unknown}
 k - a potion of haste {unknown}
 n - a potion of agility
Books
 b - a book of Conjurations

   Spells                             Type                      Level
   a - Magic Dart                     Conjuration                  1
   b - Searing Ray                    Conjuration                  2
   c - Dazzling Spray                 Conjuration/Hexes            3
   d - Fulminant Prism                Conjuration/Hexes            4
   e - Iskenderun's Mystic Blast      Conjuration                  4
   f - Iskenderun's Battlesphere      Conjuration/Charms           5
Comestibles
 c - a bread ration


   Skills:
 - Level 2.4 Dodging
 - Level 2.4 Stealth
 + Level 6.6 Spellcasting
 - Level 4.4 Conjurations


You had 10 spell levels left.
You knew the following spells:

 Your Spells              Type           Power        Failure   Level  Hunger
a - Magic Dart            Conj           ###.         1%          1    None
b - Searing Ray           Conj           ###...       2%          2    None
c - Dazzling Spray        Conj/Hex       ###.....     14%         3    #......


Dungeon Overview and Level Annotations

Branches:
Dungeon (3/15)

Altars:
Okawaru


Message History

The orc priest is severely wounded.
The orc shouts!
The orc priest hits you with a flail!
* * * LOW HITPOINT WARNING * * *
Casting: Magic Dart
Confirm with . or Enter, or press ? or * to list all spells.
Aiming: Magic Dart
Press: ? - help, Shift-Dir - straight line, f/p - orc priest
Aim: an orc priest, wielding a flail and wearing a leather armour (severely wounded)
Okay, then.
Unknown command.
Drink which item? (? for menu, Esc to quit)
It was a potion of agility.
You feel agile all of a sudden.
The orc wizard gestures at you while chanting.
You resist with some effort.
The orc priest mumbles some strange prayers to Beogh against you.
Something smites you!
Ouch! That really hurt!
You die...

#[..o ... ..... #.o.o.... ##
.... #..o..#.####.# .####...
.............# .......# #)#
........ #.# ...#.#.#
######.#### .###.#.#
###....oo...# .....#.#
#.....@o.(..# ####.#.#
#.#.........#
.....#.####....#......#
.........##...###.....#
..[......#....).......#
.........<..#.).).#...########
.........#.##.._..##..........
.........#..#†).).#...########
.....>...#...........##


You could see an orc priest, an orc wizard and an orc.

Vanquished Creatures
  An orc priest (D:3)
  5 adders (D:2)
  An ooze (D:2)
  A giant gecko (D:2)
  3 bats
  6 goblins
  5 hobgoblins (D:2)
  2 quokkas
  A giant cockroach (D:1)
  2 giant newts
  2 jackals (D:1)
  6 kobolds
  6 rats
41 creatures vanquished.

Vanquished Creatures (others)
  A kobold (D:2)
  A goblin (D:2)
2 creatures vanquished.

Grand Total: 43 creatures vanquished

Notes
Turn   | Place    | Note
--------------------------------------------------------------
     0 | D:1      | tp1 the Deep Elf Conjurer began the quest for the Orb.
     0 | D:1      | Reached XP level 1. HP: 10/10 MP: 6/6
   409 | D:1      | Reached XP level 2. HP: 15/15 MP: 2/8
   413 | D:1      | Learned a level 2 spell: Searing Ray
  1241 | D:2      | Reached skill level 5 in Spellcasting
  1241 | D:2      | Reached XP level 3. HP: 16/19 MP: 11/11
  1278 | D:2      | Learned a level 3 spell: Dazzling Spray
  1686 | D:2      | Reached XP level 4. HP: 24/24 MP: 13/13
  1783 | D:2      | Reached skill level 6 in Spellcasting
  2328 | D:3      | Found an iron altar of Okawaru.
  2367 | D:3      | HP: 1/24 [orc priest/flail (9)]
  2368 | D:3      | Killed from afar by an orc priest

Vault maps used:
D:1:      lemuel_arrival_river_bridge
D:2:      serial_glass, glass_columns_c, glass_columns_c, lemuel_old_faithful
D:3:      okawaru_ov_weapons_minmay, gammafunk_temple_overflow_wave,
          portal_sewer_entry_f

Action                   |  1- 3 |  4- 6 || total
-------------------------+-------+-------++-------
Melee: Unarmed           |     1 |       ||     1
 Cast: Magic Dart        |    47 |    23 ||    70
       Searing Ray       |     8 |       ||     8
       Dazzling Spray    |     6 |     7 ||    13
  Use: Potion            |       |     1 ||     1
  Eat: Bread ration      |     1 |       ||     1
